 Dungeon Crawl Stone Soup version 0.17.1-3-g152610e (webtiles) character file.

1720 Jerry the Covered (level 8, -6/73 HPs)
             Began as a Demigod Fighter on Mar 31, 2016.
             Mangled by a gnoll
             ... wielding a +0 halberd
              (7 damage)
             ... on level 6 of the Dungeon.
             The game lasted 00:30:45 (6897 turns).

Jerry the Covered (Demigod Fighter)                 Turns: 6897, Time: 00:30:46

Health: -6/73      AC:  8    Str: 21    XL:     8   Next: 46%
Magic:  10/10      EV:  9    Int: 12    God:
Gold:   198        SH: 11    Dex: 17    Spells: 0 memorised, 7 levels left

rFire  . . .     SeeInvis .     z - +2 whip (venom)
rCold  . . .     Clarity  .     b - +1 scale mail
rNeg   + . .     SustAt   +     c - +0 shield
rPois  +         Gourm    .     (no helmet)
rElec  .         Spirit   .     (no cloak)
rCorr  .         Warding  .     (no gloves)
rMut   .         Stasis   .     (no boots)
MR     .....                    (no amulet)
Stlth  ..........               (no ring)
                                k - ring of positive energy

@: about to teleport, slowed, very slow, not resistant to hostile enchantments,
extremely unstealthy
A: high mp 1, poison resistance, robust 1, sustain attributes
a: no special abilities


You were on level 6 of the Dungeon.
You were not hungry.

You visited 1 branch of the dungeon, and saw 6 of its levels.
You also visited: Ossuary.

You collected 198 gold pieces.

Inventory:

Hand Weapons
 a - a +0 flail
 r - a +1 hand axe of venom
 t - a +0 whip
 v - a +2 shortbow of freezing
 z - a +2 whip of venom (weapon)
Missiles
 d - 21 arrows
 D - 15 arrows of frost
Armour
 b - a +1 scale mail (worn)
 c - a +0 shield (worn)
Jewellery
 f - the amulet "Nonwacas" {Stasis rPois MP+9 Int-5 SInv, unknown}
   (You found it on level 7 of the Dungeon)

   [amulet of stasis]

   It prevents you from being teleported, slowed, hasted or paralysed.
   It affects your intelligence (-5).
   It protects you from poison.
   It affects your magic capacity (+9).
   It lets you see invisible.
 k - a ring of positive energy (left hand)
Scrolls
 h - 2 scrolls of teleportation
 i - 3 scrolls of fog
 l - a scroll of identify
 o - 2 scrolls of magic mapping
 u - 3 scrolls of remove curse
 A - 2 scrolls of enchant armour
Potions
 g - a potion of brilliance {unknown}
 j - a potion of invisibility {unknown}
 p - a potion of poison {unknown}
 q - a potion of mutation
 s - a potion of haste {unknown}
 w - a potion of ambrosia {unknown}
 E - a potion of resistance {unknown}
Comestibles
 e - a bread ration
 m - 4 chunks of flesh
 n - 2 beef jerkies


   Skills:
 - Level 4.3 Fighting
 + Level 5.1 Maces & Flails
 + Level 6.4 Armour
 - Level 1.5 Dodging
 + Level 6.2 Shields


You had 7 spell levels left.
You didn't know any spells.

Dungeon Overview and Level Annotations

Branches:
Dungeon (7/15)
 Temple: D:4-7


Innate Abilities, Weirdness & Mutations

You have an increased reservoir of magic (+10% MP).
Your attributes are resistant to harm.
Your system is resistant to poisons.
You are robust (+10% HP).


Message History

You feel better. The gnoll closely misses you. The ice beast hits you.
* * * LOW HITPOINT WARNING * * *
The ice beast freezes you.
* * * LOW HITPOINT WARNING * * *
The gnoll hits you from afar with a halberd.
* * * LOW HITPOINT WARNING * * *
You block the ice beast's attack.
Drink which item? (? for menu, Esc to quit)
It was a potion of mutation.
You feel extremely strange.
You feel resistant to poisons.
You feel robust.
The phantom blinks!
The ice beast barely misses you.
The gnoll hits you from afar with a halberd!
* * * LOW HITPOINT WARNING * * *
Drink which item? (? for menu, Esc to quit)
Okay, then.
Read which item? (? for menu, Esc to quit)
As you read the scroll of teleportation, it crumbles to dust.
You feel strangely unstable. The ice beast barely misses you.
The gnoll hits you from afar with a halberd!
You die...

#############
#........##.##
#........#>..## ### ###
#........#..... #...
#.####........##.###
#....#gY@..........##.#
#._..'g####....(...##.#
#....### #........)))#
#.?. #.........### ###
#........!# ######.##.#
#).#[# ##.#.# .#.#


You could see an ice beast, a gnoll and a goblin.

Vanquished Creatures
  A hungry ghost (D:7)
  2 ice beasts (D:7)
  A necrophage (D:7)
  A black bear (D:7)
  2 centaurs (D:7)
  A giant frog (D:6)
  6 scorpions
  4 centaur zombies (Ossuary)
  A crimson imp (D:2)
  A human zombie (Ossuary)
  3 orc priests
  A worker ant (D:7)
  Jessica (D:3)
  An orc wizard (D:4)
  An iguana (D:7)
  A killer bee zombie (D:7)
  A big kobold zombie (Ossuary)
  3 mummies (Ossuary)
  12 gnolls
  2 scorpion zombies (Ossuary)
  8 adders
  A shadow imp (D:7)
  2 oozes
  10 orcs
  9 bats
  A giant cockroach (D:3)
  2 gnoll zombies (Ossuary)
  9 goblins
  6 hobgoblins
  9 jackals
  2 quokkas (D:2)
  3 ball pythons
  A giant gecko (D:2)
  2 giant newts
  3 goblin zombies (Ossuary)
  A hobgoblin zombie (Ossuary)
  15 kobolds
  A kobold zombie (Ossuary)
  2 orc zombies (Ossuary)
  8 rats
141 creatures vanquished.

Vanquished Creatures (others)
  A scorpion (Ossuary)
  An orc wizard (D:7)
  An orc zombie (Ossuary)
3 creatures vanquished.

Grand Total: 144 creatures vanquished

Notes
Turn   | Place    | Note
--------------------------------------------------------------
     0 | D:1      | Jerry the Demigod Fighter began the quest for the Orb.
     0 | D:1      | Reached XP level 1. HP: 18/18 MP: 3/3
   298 | D:1      | Reached skill level 3 in Shields
   430 | D:1      | Reached XP level 2. HP: 25/25 MP: 4/4
  1011 | D:2      | Found a burning altar of Makhleb.
  1228 | D:2      | Reached XP level 3. HP: 27/31 MP: 5/5
  1796 | D:2      | Reached XP level 4. HP: 14/38 MP: 6/6
  2071 | D:2      | Reached skill level 1 in Dodging
  2448 | D:2      | Reached XP level 5. HP: 12/46 MP: 7/7
  2805 | D:2      | Found a shimmering altar of Xom.
  2821 | D:2      | Paralysed by a gnoll for 6 turns
  3114 | D:3      | Reached skill level 4 in Fighting
  3299 | D:3      | Found a sacrificial altar of Ru.
  3965 | D:3      | Noticed Jessica
  3973 | D:3      | Killed Jessica
  4302 | D:4      | Reached XP level 6. HP: 48/52 MP: 8/8
  4347 | D:4      | HP: 2/53 [poisoned by an orc priest]
  4724 | D:4      | You fall through a shaft for 3 floors!
  5013 | D:7      | Reached XP level 7. HP: 56/60 MP: 9/9
  5089 | D:7      | Reached skill level 5 in Armour
  5089 | D:7      | Reached skill level 5 in Shields
  5294 | D:7      | Noticed a hungry ghost
  5336 | D:7      | Killed a hungry ghost
  5350 | D:7      | Found a sand-covered staircase.
  5357 | Ossuary  | Entered an ossuary
  5543 | Ossuary  | Reached XP level 8. HP: 60/67 MP: 10/10
  5573 | Ossuary  | HP: 1/67 [centaur zombie (5)]
  6228 | Ossuary  | Reached skill level 6 in Armour
  6470 | D:7      | Got a warped bronze amulet
  6505 | D:7      | Reached skill level 5 in Maces & Flails
  6873 | D:6      | Found a snail-covered altar of Cheibriados.
  6896 | D:6      | Gained mutation: Your system is resistant to poisons. [potion of mutation]
  6896 | D:6      | Gained mutation: You are robust (+10% HP). [potion of mutation]
  6896 | D:6      | HP: 1/73 [gnoll/halberd (8)]
  6897 | D:6      | Mangled by a gnoll

Action                   |  1- 3 |  4- 6 |  7- 9 || total
-------------------------+-------+-------+-------++-------
Melee: Flail             |   130 |   117 |       ||   247
       Whip              |    37 |    31 |   350 ||   418
       Hand axe          |       |    88 |       ||    88
  Use: Potion            |       |     1 |     4 ||     5
       Scroll            |       |       |    12 ||    12
 Stab: Invisible         |       |     2 |       ||     2
  Eat: Chunk             |     4 |    11 |     6 ||    21
       Fruit             |       |       |     3 ||     3
       Meat ration       |       |       |     1 ||     1
       Beef jerky        |       |       |     1 ||     1
       Pizza             |       |       |     1 ||     1
